 Dungeon Crawl Stone Soup version 0.30-a0-719-gcc4359ea44 (webtiles) character file.

Game seed: 16996837788319220545

2990 Alitron123 the Basher (level 9, -4/56 HPs)
             Began as a Gargoyle Berserker on Jan 26, 2023.
             Was a High Priest of Trog.
             Slain by a gnoll
             ... wielding a +0 spear of distortion
             ... led by a gnoll bouda
              (17 damage)
             ... on level 7 of the Dungeon.
             The game lasted 00:10:19 (6116 turns).

Alitron123 the Basher (Gargoyle Berserker)          Turns: 6116, Time: 00:10:20

Health: -4/56      AC: 21    Str: 31    XL:     9   Next: 83%
Magic:  9/9        EV: 26    Int: 10    God:    Trog [*****.]
Gold:   272        SH:  0    Dex:  9    Spells: 8/8 levels left

rFire   x . .      SeeInvis +    B - +7 battleaxe of Wapaadd {freeze, rF- Str+2 Int+2}
rCold   . . .      Faith    .    (shield currently unavailable)
rNeg    + . .      Spirit   .    a - +0 scale mail
rPois   ∞          Reflect  .    (no helmet)
rElec   +          Harm     .    n - +0 cloak
rCorr   .          Rampage  .    t - +0 pair of gloves
Will    .....                    g - +0 pair of boots Stlth
                                 y - amulet "Dubim" {Acrobat Str+4}
HPRegen 0.29/turn                h - ring of see invisible
MPRegen 0.11/turn                s - +4 ring of protection

@: on berserk cooldown, acrobatic, slowed, very slow
A: sickness immunity, AC +6, negative energy resistance 1, electricity
resistance, torment resistance 1, petrification resistance
a: Renounce Religion, Berserk, Trog's Hand, Brothers in Arms


You were on level 7 of the Dungeon.
You worshipped Trog.
Trog was extremely pleased with you.
You visited 1 branch of the dungeon, and saw 7 of its levels.
You also visited: Sewer.

You collected 272 gold pieces.

Inventory:

Hand Weapons
 b - a +1 dire flail of protection
 m - a +2 quarterstaff of chaos
 u - a +0 heavy flail
 B - the +7 battleaxe of Wapaadd (weapon) {freeze, rF- Str+2 Int+2}
   (You found it on level 7 of the Dungeon)

   Str:       It affects your strength (+2).
   Int:       It affects your intelligence (+2).
   rF:        It makes you vulnerable to fire.
Armour
 a - a +0 scale mail (worn)
 g - a +0 pair of boots (worn)
 n - a +0 cloak (worn)
 t - a +0 pair of gloves (worn)
Jewellery
 h - a ring of see invisible (left hand)
 i - a +6 ring of intelligence
 s - a +4 ring of protection (right hand)
 y - the amulet "Dubim" (around neck) {Acrobat Str+4}
   (You found it on level 6 of the Dungeon)

   [amulet of the acrobat]

   It increases your evasion while moving and waiting.
   Str:       It affects your strength (+4).
Wands
 l - a wand of acid (6)
 o - a wand of roots (7)
 q - a wand of flame (26) (quivered)
Scrolls
 c - 2 scrolls of amnesia
 d - 5 scrolls of immolation
 f - a scroll of poison
 j - a scroll of teleportation
 p - 2 scrolls of magic mapping
 r - a scroll of identify
Potions
 e - a potion of curing
 k - 5 potions of heal wounds {unknown}
 v - a potion of brilliance {unknown}
 w - a potion of ambrosia
 x - 4 potions of magic {unknown}
 z - a potion of flight {unknown}
 A - a potion of haste {unknown}


   Skills:
 + Level 6.7 Fighting
 + Level 0.1(4.9) Axes
 + Level 8.8(9.6) Maces & Flails
 + Level 5.7(8.0) Staves
 + Level 6.1 Armour
 + Level 3.7 Dodging
 + Level 1.0 Stealth


You had 8 spell levels left.
You didn't know any spells.
Your spell library was empty.

Dungeon Overview and Level Annotations

Branches:
Dungeon (7/15)             Temple (0/1) D:5           Sewer (visited)

Altars:
Elyvilon
Fedhas
Hepliaklqana
Okawaru
Uskayaw
Vehumet
Wu Jian
Xom
The Shining One


Innate Abilities, Weirdness & Mutations

You are immune to sickness and miasma.
Your stone body is resilient. (AC +6)
You are immune to poison.
You resist negative energy. (rN+)
You are resistant to electric shocks. (rElec)
You are resistant to unholy torment.
You are immune to petrification.


Message History

Trog accepts your kill.
You slash the gnoll! You freeze the gnoll.
You feel the power of Trog in you as your rage grows.
You kill the gnoll!
Trog accepts your kill. The gnoll hits you but does no damage.
You blink.
Your Armour skill increases to level 6!
You feel a strong urge to attack something.
You slash the gnoll! You freeze the gnoll.
You kill the gnoll!
Trog accepts your kill.
The gnoll hits you from afar with a +0 spear of distortion.
Space warps horribly around you!
* * * LOW HITPOINT WARNING * * *
You are too injured to fight recklessly!
You are too injured to fight recklessly!
You are too injured to fight recklessly!
You are too injured to fight recklessly!
You see here a +0 club.
You barely miss the gnoll.
You are no longer berserk.
You are exhausted.
You feel yourself slow down. The gnoll hits you but does no damage.
Space warps around you.
* * * LOW HITPOINT WARNING * * *
You closely miss the gnoll. The gnoll hits you but does no damage.
Space warps around you.
* * * LOW HITPOINT WARNING * * *
The gnoll barely misses you. The gnoll hits you but does no damage.
You closely miss the gnoll. The gnoll hits you but does no damage.
You blink.
Found 11 gold pieces.
You are too injured to fight recklessly!
The gnoll is no longer moving quickly.
The gnoll completely misses you. The gnoll hits you but does no damage.
Space warps around you.
* * * LOW HITPOINT WARNING * * *
The gnoll completely misses you.
You barely miss the gnoll. The gnoll completely misses you.
The gnoll hits you but does no damage.
You blink.
The gnoll hits you but does no damage. Space warps horribly around you!
You die...

#############
+...........#
#...........#
#....@......#
#...........# ####
#..g####....#
...#########...####..[.#
.........#.............#
.........#.............#
.........#......)).....#
..###..###...##..###$
..####'###...##)?###


You could see a gnoll.

Vanquished Creatures
  Sigmund (D:3)
  2 shadows (D:7)
  A steam dragon (D:7)
  Edmund (D:4)
  An acid dragon (D:6)
  An orc warrior (D:7)
  A sky beast (D:6)
  2 centaurs
  4 phantoms
  4 kobold brigands
  2 scorpions (D:5)
  A vampire bat (D:3)
  2 howler monkeys
  The ghost of void236 the Conjurer, a weakling DECj of Nemelex Xobeh (D:4)
  2 hounds
  A jelly (D:7)
  Crazy Yiuf (D:2)
  3 gnoll boudas
  Ijyb (D:3)
  Terence (D:3)
  5 iguanas
  14 gnolls
  6 river rats
  14 adders
  A shadow imp (D:5)
  2 white imps
  2 ufetubi
  A dart slug (D:1)
  3 fire bats (D:3)
  3 worms (Sewer)
  12 orcs
  2 spectral bats (D:3)
  11 bats
  3 bat skeletons (D:3)
  A bat zombie (D:3)
  5 endoplasms
  6 giant cockroaches
  11 hobgoblins
  14 jackals
  13 kobolds
  A quokka (D:2)
  9 ball pythons
  A bat simulacrum (D:3)
  3 frilled lizards
  11 goblins
  15 rats
202 creatures vanquished.

Vanquished Creatures (others)
  4 kobolds (D:4)
4 creatures vanquished.

Grand Total: 206 creatures vanquished

Notes
Turn   | Place    | Note
-------+----------+-------------------------------------------
     0 | D:1      | Alitron123 the Gargoyle Berserker began the quest for the
                  | Orb.
     0 | D:1      | Reached XP level 1. HP: 14/14 MP: 1/1
   127 | D:1      | Reached XP level 2. HP: 19/19 MP: 2/2
   284 | D:1      | Reached XP level 3. HP: 24/24 MP: 3/3
   351 | D:1      | Found a faded altar of an unknown god.
   995 | D:2      | Found a blossoming altar of Fedhas.
  1404 | D:2      | Reached ** piety under Trog
  1492 | D:2      | Reached XP level 4. HP: 26/29 MP: 4/4
  1753 | D:2      | Found a runed translucent door.
  1754 | D:2      | Noticed Crazy Yiuf
  1868 | D:2      | Killed Crazy Yiuf
  1869 | D:2      | Reached skill level 4 in Maces & Flails
  2043 | D:3      | Reached XP level 5. HP: 33/33 MP: 5/5
  2083 | D:3      | Reached skill level 1 in Staves
  2198 | D:3      | Noticed Ijyb
  2211 | D:3      | Killed Ijyb
  2319 | D:3      | Noticed Terence
  2328 | D:3      | Killed Terence
  2329 | D:3      | Reached XP level 6. HP: 37/38 MP: 6/6
  2394 | D:3      | Noticed Sigmund
  2399 | D:3      | Killed Sigmund
  2447 | D:3      | Reached *** piety under Trog
  2448 | D:3      | Reached XP level 7. HP: 44/44 MP: 7/7
  2614 | D:3      | Reached skill level 5 in Staves
  2874 | D:4      | Noticed Edmund
  2884 | D:4      | Killed Edmund
  2902 | D:4      | Reached XP level 8. HP: 25/48 MP: 8/8
  3137 | D:4      | Found a runed translucent gate.
  3137 | D:4      | Found a runed translucent gate.
  3137 | D:4      | Found a runed translucent gate.
  3138 | D:4      | Noticed void236's ghost (weakling DECj)
  3211 | D:4      | Reached **** piety under Trog
  3338 | D:4      | Reached skill level 5 in Fighting
  3338 | D:4      | Reached skill level 5 in Maces & Flails
  3346 | D:4      | Killed void236's ghost
  3423 | D:5      | Entered Level 5 of the Dungeon
  3573 | D:5      | Found a staircase to the Ecumenical Temple.
  3776 | D:5      | Reached skill level 6 in Maces & Flails
  3819 | D:5      | Found an iron altar of Okawaru.
  3821 | D:5      | Found a white marble altar of Elyvilon.
  3825 | D:5      | Found an ornate altar of the Wu Jian Council.
  3825 | D:5      | Found a glowing golden altar of the Shining One.
  3825 | D:5      | Found a blossoming altar of Fedhas.
  3825 | D:5      | Found a hazy altar of Hepliaklqana.
  3827 | D:5      | Found a radiant altar of Vehumet.
  3828 | D:5      | Found a hide-covered altar of Uskayaw.
  3830 | D:5      | Found a shimmering altar of Xom.
  3946 | D:5      | Identified the +3 whip "Plog" {venom, rElec Will+}
  4610 | D:6      | Reached skill level 7 in Maces & Flails
  4610 | D:6      | Reached XP level 9. HP: 45/55 MP: 9/9
  4674 | D:6      | Identified the amulet "Dubim" {Acrobat Str+4}
  4876 | D:6      | Reached skill level 5 in Armour
  4937 | D:6      | Found a glowing drain.
  4956 | Sewer    | Entered a sewer
  4991 | Sewer    | Reached skill level 1 in Stealth
  5794 | D:7      | Reached ***** piety under Trog
  5813 | D:7      | Reached skill level 8 in Maces & Flails
  5843 | D:7      | Identified the +7 battleaxe of Wapaadd {freeze, rF- Str+2
                  | Int+2}
  6116 | D:7      | Slain by a gnoll

Illustrated notes

Levels and vault maps discovered:
D:1:      dreamdust_arrival_beginning_and_end, layout_basic,
          hellmonk_ecumenical_altar_crossroads, st_stairs_7
D:2:      layout_loops_corners, basic_altar, grunt_decor_resistance,
          uniq_crazy_yiuf_cottage
D:3:      layout_rooms, hex_tiny, goddamned_bats, uniq_terence, uniq_sigmund,
          uniq_ijyb
D:4:      nicolae_BIG_FREAKIN_CUBE, layout_rooms, serial_shops, shop,
          gammafunk_ghost_nasty_kobolds, uniq_edmund, uniq_duvessa
D:5:      layout_basic, minitemple, minmay_temple_entry_drinking_statues
D:6:      layout_rooms, portal_sewer_entry_e
D:7:      layout_gridville

Skill      XL: |  1  2  3  4  5  6  7  8  9 |
---------------+----------------------------+-----
Dodging        | 2 3 |  3.7
Fighting       | 4 6 |  6.7
Maces & Flails | 4 7 8 |  8.8
Staves         | 2 3 5 |  5.7
Armour         | 3 4 6 |  6.1
Stealth        | 1 |  1.0
Axes           | |  0.1

Action                     |  1- 3 |  4- 6 |  7- 9 || total
---------------------------+-------+-------+-------++-------
  Melee: Mace              |   155 |    29 |       ||   184
         Punch             |     1 |       |     2 ||     3
         Quarterstaff      |       |    68 |    45 ||   113
         Flail             |       |       |    39 ||    39
         Dire flail        |       |       |   333 ||   333
         Battleaxe         |       |       |    19 ||    19
 Invoke: Berserk           |     1 |     2 |     4 ||     7
    Use: Scroll            |       |       |     7 ||     7
         Potion            |       |       |     3 ||     3
 Armour: Animal skin       |    33 |       |       ||    33
         Leather armour    |    32 |    12 |       ||    44
         Scale mail        |       |    44 |   241 ||   285
  Dodge: Dodged            |   137 |    58 |   245 ||   440

Table legend: (Time is in decaauts)
 A = Elapsed time spent in this place.
 B = Non-inter-level travel time spent in this place.
 C = Inter-level travel time spent in this place.
 D = Time resting spent in this place.
 E = Time spent auto-exploring this place.
 F = Levels seen in this place.
 G = Mean time per level.
                   A        B        C        D        E       F      G
               +--------+--------+--------+--------+--------+-----+--------+
         Total |   6358 |   6019 |    339 |      0 |   4550 |   8 |  794.8 |
       Dungeon |   5639 |   5300 |    339 |      0 |   4046 |   7 |  805.6 |
         Sewer |    719 |    719 |      0 |      0 |    504 |   1 |  719.0 |
               +--------+--------+--------+--------+--------+-----+--------+

Top non-repeatable levels by time:
     D:2: 1096 daAuts
     D:5: 1011 daAuts
     D:1: 922 daAuts
     D:3: 830 daAuts
   Sewer: 719 daAuts
     D:4: 680 daAuts
     D:6: 642 daAuts
     D:7: 455 daAuts
